 Dungeon Crawl Stone Soup version 0.32-a0-520-g344ed53f66 (webtiles) character file.

Game seed: 1814639495024794421

62 pokeman the Magician (level 3, -1/20 HPs)
             Began as a Deep Elf Hedge Wizard on Feb 27, 2024.
             Slain by a goblin
             ... wielding a +0 whip
             ... led by Robin
              (5 damage)
             ... on level 2 of the Dungeon.
             The game lasted 00:03:06 (1834 turns).

pokeman the Magician (Deep Elf Hedge Wizard)        Turns: 1834, Time: 00:03:08

Health: -1/20      AC:  2    Str:  7    XL:     3   Next: 85%
Magic:  0/11       EV: 12    Int: 20    God:
Gold:   121        SH:  0    Dex: 14    Spells: 4/12 levels left

rFire   . . .        a - +0 dagger
rCold   . . .        (no shield)
rNeg    . . .        b - +0 robe
rPois   .            c - +0 hat
rElec   .            (no cloak)
rCorr   .            (no gloves)
SInv    .            (no boots)
Will    .....        (no amulet)
Stlth   ++           (no ring)
HPRegen 0.23/turn    (no ring)
MPRegen 0.12/turn

%: no passive effects
@: very slightly contaminated
A: no striking features
a: no special abilities


You were on level 2 of the Dungeon.
You visited 1 branch of the dungeon, and saw 2 of its levels.

You collected 121 gold pieces.

Inventory:

Hand Weapons
 a - a +0 dagger (weapon)
Missiles
 e - 2 throwing nets
Armour
 b - a +0 robe (worn)
 c - a +0 hat (worn)
Magical Staves
 i - a staff of alchemy
Scrolls
 f - a scroll of enchant armour {unknown}
 g - a scroll of amnesia {unknown}
 j - a scroll of revelation {unknown}
Potions
 d - a potion of magic
 h - a potion of curing {unknown}
 k - a potion of berserk rage {unknown}


   Skills:
 - Level 1.0 Fighting
 + Level 1.0 Armour
 + Level 2.5 Dodging
 - Level 2.4 Stealth
 * Level 5.4 Spellcasting
 + Level 2.0 Conjurations
 - Level 1.1 Summonings
 - Level 1.1 Translocations


You had 4 spell levels left.
You knew the following spells:

 Your Spells              Type           Power      Damage    Failure   Level
a - Magic Dart            Conj           52%        1d5       4%          1
b - Mephitic Cloud        Conj/Alch/Air  8%         N/A       26%         3
c - Call Imp              Summ           18%        N/A       11%         2
d - Blink                 Tloc           18%        N/A       11%         2

Your spell library contained the following spells:

 Spells                   Type           Power      Damage    Failure   Level
 Slow                     Hex            20%        N/A       11%         1
 Cigotuvi's Dreadful Rot  Necr/Alch/Air  10%        N/A       17%         2


Dungeon Overview and Level Annotations

Branches:
Dungeon (2/15)

Altars:

Annotations:
D:2 Robin


Message History

You hit the goblin.
The goblin is heavily wounded.
You feel sick. The goblin hits you but does no damage.
You barely miss the goblin.
The goblin is heavily wounded.
You feel sick.
You are no longer poisoned.
The goblin hits you with a +0 whip.
* * * LOW HITPOINT WARNING * * *
Casting: Magic Dart (safe; 4% risk of failure)
Confirm with . or Enter, or press ? or * to list all spells.
Aiming: Magic Dart (safe; 4% risk of failure)
Press: ? - help, Shift-Dir - straight line, f - goblin
Aim: a goblin, wielding a +0 whip (heavily wounded, 100% to hit)
The magic dart hits the goblin.
The goblin is severely wounded.
The goblin barely misses you.
Unknown command.
Casting: Magic Dart (safe; 4% risk of failure)
Confirm with . or Enter, or press ? or * to list all spells.
Aiming: Magic Dart (safe; 4% risk of failure)
Press: ? - help, Shift-Dir - straight line, f/p - goblin
Aim: a goblin, wielding a +0 whip (severely wounded, 100% to hit)
You miscast Magic Dart.
You are very lightly contaminated with residual magic.
Nothing appears to happen.
The goblin hits you but does no damage.
Unknown command.
Casting: Magic Dart (safe; 4% risk of failure)
Confirm with . or Enter, or press ? or * to list all spells.
You don't have enough magic to cast this spell.
Unknown command.
Unknown command.
You hit the goblin but do no damage.
The goblin is severely wounded.
The goblin hits you with a +0 whip.
* * * LOW HITPOINT WARNING * * *
You hit the goblin but do no damage.
The goblin is severely wounded.
The goblin hits you with a +0 whip.
You die...

#.....g#### ######+####
#...).....# #.........#
#......##.# #.........# #
#......##.######.........# #
####...).................#####
#.....)†...........[.^...#.
#...................>......
#.......)####.............#
#.......gg@.####..........#
#.......###..###.....(...##
######### ##.............#
#####...#....## ##..#.####
##.#.# #.#.# #>..# #####


You could see 2 goblins.

Vanquished Creatures
  An adder (D:2)
  7 endoplasms (D:1)
  A giant cockroach (D:1)
  7 goblins
  4 hobgoblins
  11 jackals
  2 kobolds (D:1)
  A quokka (D:2)
  2 ball pythons (D:1)
  2 bats
  A frilled lizard (D:1)
  4 rats
43 creatures vanquished.

Notes
Turn   | Place    | Note
-------+----------+-------------------------------------------
     0 | D:1      | pokeman the Deep Elf Hedge Wizard began the quest for the
                  | Orb.
     0 | D:1      | Reached XP level 1. HP: 10/10 MP: 7/7
   254 | D:1      | Reached XP level 2. HP: 16/16 MP: 1/9
   516 | D:1      | Found a faded altar of an unknown god.
   975 | D:1      | Reached skill level 5 in Spellcasting
  1057 | D:1      | Reached XP level 3. HP: 20/20 MP: 1/11
  1482 | D:2      | Noticed Robin
  1583 | D:2      | Learned a level 3 spell: Mephitic Cloud
  1586 | D:2      | Learned a level 2 spell: Call Imp
  1589 | D:2      | Learned a level 2 spell: Blink
  1767 | D:2      | Reached skill level 1 in Fighting
  1803 | D:2      | Reached skill level 1 in Armour
  1834 | D:2      | Slain by a goblin

Illustrated notes

Levels and vault maps discovered:
D:1:      tekkud_arrival_beachfront_property, layout_loops_ring,
          hellmonk_ecumenical_altar_zigzags, kennysheep_nondescript,
          wad_floor_pattern_1
D:2:      layout_basic, minmay_stone_trees_medium, uniq_robin

Skill      XL: |  1  2  3 |
---------------+----------+-----
Spellcasting   | 5 |  5.4
Fighting       | 1 |  1.0
Armour         | 1 |  1.0
Conjurations   | 2 |  2.0
Dodging        | |  2.5
Stealth        | |  2.4
Summonings     | |  1.1
Translocations | |  1.1

Action                     || total
---------------------------++-------
  Melee: Dagger            ||    36
   Cast: Magic Dart        ||   102
   Stab: Sleeping          ||     1
 Armour: Robe              ||    33
  Dodge: Dodged            ||    43

Table legend: (Time is in decaauts)
 A = Elapsed time spent in this place.
 B = Non-inter-level travel time spent in this place.
 C = Inter-level travel time spent in this place.
 D = Time resting spent in this place.
 E = Time spent auto-exploring this place.
 F = Levels seen in this place.
 G = Mean time per level.
                   A        B        C        D        E       F      G
               +--------+--------+--------+--------+--------+-----+--------+
         Total |   1827 |   1742 |     85 |     48 |   1449 |   2 |  913.5 |
       Dungeon |   1827 |   1742 |     85 |     48 |   1449 |   2 |  913.5 |
               +--------+--------+--------+--------+--------+-----+--------+

Top non-repeatable levels by time:
     D:1: 1570 daAuts
     D:2: 257 daAuts
